 Dungeon Crawl Stone Soup version 0.26.1-11-gd32895ea62 (webtiles) character file.

Game seed: 17356270301356264301

182 Mitsuki the Conjurer (level 5, -10/28 HPs)
             Began as a Deep Elf Conjurer on June 18, 2021.
             Killed by divine providence
             ... invoked by an orc priest
              (11 damage)
             ... on level 3 of the Dungeon.
             The game lasted 00:05:26 (3576 turns).

Mitsuki the Conjurer (Deep Elf Conjurer)            Turns: 3576, Time: 00:05:27

Health: -10/28     AC:  8    Str:  5    XL:     5   Next: 34%
Magic:  13/13      EV: 14    Int: 23    God:
Gold:   137        SH:  0    Dex: 13    Spells: 10/13 levels left

rFire    . . .     SeeInvis .   t - +0 morningstar
rCold    . . .     Faith    .   (no shield)
rNeg     . . .     Spirit   .   a - +0 robe
rPois    .         Reflect  .   l - +0 helmet
rElec    .         Harm     .   (no cloak)
rCorr    .         Rampage  .   f - +0 pair of gloves
Will     .....                  (no boots)
Stlth    ++........             (no amulet)
HPRegen  0.09/turn              g - +4 ring of protection
MPRegen  0.13/turn              (no ring)

@: very slightly contaminated, invisible
A: no striking features
a: no special abilities


You were on level 3 of the Dungeon.
You visited 1 branch of the dungeon, and saw 4 of its levels.

You collected 137 gold pieces.

Inventory:

Hand Weapons
 t - a +0 morningstar (weapon)
Armour
 a - a +0 robe (worn)
 f - a +0 pair of gloves (worn)
 l - a +0 helmet (worn)
Jewellery
 g - a +4 ring of protection (left hand)
Scrolls
 e - a scroll of amnesia {unknown}
 k - a scroll of blinking {unknown}
 n - 4 scrolls of identify {unknown}
 o - a scroll of remove curse {unknown}
 p - a scroll of teleportation {unknown}
 q - a scroll of fear {unknown}
 s - a scroll of enchant weapon {unknown}
Potions
 d - 2 potions of cancellation {unknown}
 h - a potion of attraction {unknown}
 i - a potion of might {unknown}
 j - a potion of brilliance {unknown}
 m - a potion of magic {unknown}
 r - a potion of degeneration {unknown}


   Skills:
 + Level 4.0 Dodging
 - Level 2.4 Stealth
 + Level 4.5 Spellcasting
 * Level 6.0 Conjurations


You had 10 spell levels left.
You knew the following spells:

 Your Spells              Type           Power        Failure   Level
a - Magic Dart            Conj           100%         1%          1
b - Searing Ray           Conj           66%          1%          2

Your spell library contained the following spells:

 Spells                   Type           Power        Failure   Level
 Dazzling Flash           Conj/Hex       38%          9%          3
 Fulminant Prism          Conj/Hex       9%           28%         4
 Iskenderun's Mystic Bla  Conj/Tloc      19%          28%         4


Dungeon Overview and Level Annotations

Branches:
Dungeon (4/15)
 Temple: D:4-7

Altars:


Message History

You thump the orc priest!
The orc priest is severely wounded.
The orc priest misses you. The orc barely misses you.
The orc priest hits you but does no damage.
You barely miss the orc priest.
The orc priest is severely wounded.
The orc priest mumbles some strange prayers to Beogh against you.
Pain shoots through your body!
* * * LOW HITPOINT WARNING * * *
The orc barely misses you.
You take 10 damage, and have 1/28 hp.
MASSIVE DAMAGE!!
You fade into invisibility!
The orc priest closely misses you. The orc barely misses you.
You are very lightly contaminated with residual magic.
You closely miss the orc priest.
The orc priest is severely wounded.
The orc priest closely misses you. The orc misses you.
The orc priest invokes the aid of Beogh against you.
Beogh smites you!
You die...

....................#
.######.#########.#.#
.######.## #.#.# .#.......#
#.#.# .#.####..###### #(#.#
)#.# #.......# #.#.# .#.#
#.#####.###.#.# ##.#
#.##......#.#.#
##.####.#.#.....@o..#
..(......###....o>..###########
...#####..#.....(.............#
##### #.............########.#
#...# #..#####.#.##.# #.#
#...####..# #.#.##.# #.#
.)........# #.#.##.# #.#
..........# #)..##.# #.###
......###.#####.####.# #...#


You could see an orc priest and an orc.

Vanquished Creatures
  An orc wizard (D:3)
  A worker ant (D:3)
  4 adders
  2 oozes
  3 worms
  A dart slug (D:1)
  4 leopard geckos
  7 orcs (D:3)
  2 giant cockroaches (D:3)
  5 goblins
  8 hobgoblins
  2 jackals (D:1)
  2 quokkas
  9 bats
  A frilled lizard (D:2)
  6 kobolds
  6 rats
64 creatures vanquished.

Vanquished Creatures (others)
  3 plants (D:2)
3 creatures vanquished.

Grand Total: 67 creatures vanquished

Notes
Turn   | Place    | Note
-------+----------+-------------------------------------------
     0 | D:1      | Mitsuki the Deep Elf Conjurer began the quest for the Orb.
     0 | D:1      | Reached XP level 1. HP: 10/10 MP: 6/6
   200 | D:1      | Reached XP level 2. HP: 15/15 MP: 4/8
   278 | D:1      | Learned a level 2 spell: Searing Ray
  1025 | D:2      | Reached skill level 5 in Conjurations
  1035 | D:2      | Reached XP level 3. HP: 19/19 MP: 2/10
  1889 | D:3      | Reached XP level 4. HP: 24/24 MP: 5/11
  2881 | D:3      | Reached XP level 5. HP: 25/28 MP: 8/13
  3255 | D:3      | Reached skill level 6 in Conjurations
  3574 | D:3      | HP: 1/28 [orc priest/nerve-wracking pain (10)]
  3576 | D:3      | Killed from afar by an orc priest

Illustrated notes

Levels and vault maps discovered:
D:1:      moated_graveyard_arrival, layout_basic
D:2:      layout_rooms, serial_bayou, serial_bayou_pond_d, serial_bayou_pond_a,
          serial_bayou_pond_e, serial_bayou_pond_c
D:3:      layout_loops_ring
D:4:      layout_cave_pools, minmay_diced_spiral

Skill      XL: |  1  2  3  4  5 |
---------------+----------------+-----
Dodging        | 3 4 |  4.0
Conjurations   | 5 6 |  6.0
Spellcasting   | 4 |  4.5
Stealth        | |  2.4

Action                   |  1- 3 |  4- 6 || total
-------------------------+-------+-------++-------
Melee: Unarmed           |    14 |       ||    14
       Short sword       |    14 |       ||    14
       Morningstar       |       |     8 ||     8
 Cast: Magic Dart        |    70 |    71 ||   141
  Use: Potion            |       |     3 ||     3
Armor: Robe              |     8 |    12 ||    20
Dodge: Dodged            |    36 |    25 ||    61
